[ AOE2 MATCH · #513719535 ]
UnrankedMagyars vs Armenians
Player's team · LOSS
[ REPLAY ANALYSIS · EXTRACTED FROM THE RECORDED GAME ]
Feudal
11:54
Castle
22:16
Imperial
—
| APM avg | 47.0 |
| APM peak | 95 |
| eAPM avg | 25.5 |
| Villagers / military | 63 / 57 |
Focus
⚔️ 42.4% · 🌾 57.6%
Cavalry Archer ×35 · Fishing Ship ×20 · Hulk ×13 · Mangonel ×8 · Scorpion ×1
Feudal
11:30
Castle
18:41
Imperial
—
| APM avg | 50.1 |
| APM peak | 100 |
| eAPM avg | 21.0 |
| Villagers / military | 88 / 67 |
Focus
⚔️ 32.8% · 🌾 67.2%
Composite Bowman ×41 · Hulk ×12 · Mangonel ×9 · Fishing Ship ×8 · Warrior Priest ×4 · Battering Ram ×1
Match map
Initial resources + every placement click. Lines = walls · curves = elevation contours. ◆ gold · ⬟ stone · ● berries · ✦ relic · ◌ wall gap
Your base· Open — unwalled flank
NachoMontes's base· Open — 8t gap
Smoothed initial terrain · ◌ = detected wall gap · hover for details
Inputs per minute
— Lic. VELEZ Y VINO - - NachoMontes
Build order — Lic. VELEZ Y VINO
First 150 of 192 actions detected
| 0:07 | Build | House |
| 0:32 | Build | Town Center |
| 1:04 | Build | Dock |
| 2:42 | Queue | Villager (Male) ×4 |
| 3:40 | Queue | Villager (Male) |
| 3:41 | Queue | Villager (Male) |
| 3:47 | Queue | Fishing Ship |
| 4:27 | Build | House |
| 4:36 | Queue | Villager (Male) |
| 5:13 | Queue | Villager (Male) |
| 5:13 | Queue | Villager (Male) |
| 5:15 | Queue | Fishing Ship |
| 5:44 | Queue | Villager (Male) |
| 5:44 | Queue | Villager (Male) |
| 6:01 | Build | House |
| 6:13 | Queue | Fishing Ship |
| 6:15 | Queue | Villager (Male) |
| 6:33 | Research | Loom |
| 6:40 | Queue | Villager (Male) |
| 6:40 | Queue | Villager (Male) |
| 6:44 | Queue | Fishing Ship |
| 7:12 | Queue | Villager (Male) |
| 7:27 | Queue | Villager (Male) |
| 7:36 | Queue | Villager (Male) |
| 7:37 | Queue | Villager (Male) |
| 7:42 | Queue | Fishing Ship |
| 7:44 | Build | House |
| 8:20 | Queue | Villager (Male) |
| 8:45 | Build | Mining Camp |
| 9:19 | Queue | Villager (Male) |
| 9:38 | Research | Feudal Age |
| 9:58 | Build | House |
| 10:24 | Queue | Fishing Ship |
| 10:57 | Build | Lumber Camp |
| 11:00 | Build | Dock |
| 11:10 | Queue | Villager (Male) |
| 11:20 | Build | House |
| 11:54 | Age | Feudal Age |
| 11:56 | Queue | Hulk |
| 11:56 | Queue | Hulk |
| 12:15 | Queue | Villager (Male) |
| 12:17 | Research | Double-Bit Axe |
| 12:32 | Queue | Villager (Male) |
| 12:38 | Queue | Hulk |
| 12:38 | Queue | Hulk |
| 12:57 | Queue | Villager (Male) |
| 12:57 | Queue | Villager (Male) |
| 13:08 | Build | House |
| 13:20 | Queue | Hulk |
| 13:20 | Queue | Hulk |
| 13:26 | Queue | Villager (Male) |
| 13:27 | Build | House |
| 14:18 | Build | Dock |
| 14:28 | Queue | Villager (Male) |
| 14:29 | Queue | Villager (Male) |
| 14:36 | Queue | Villager (Male) |
| 14:47 | Queue | Villager (Male) |
| 14:56 | Build | Mill |
| 15:15 | Queue | Hulk |
| 15:15 | Queue | Hulk |
| 15:15 | Queue | Hulk |
| 15:46 | Queue | Villager (Male) |
| 15:51 | Queue | Villager (Male) |
| 15:55 | Build | House |
| 16:05 | Queue | Villager (Male) |
| 16:18 | Queue | Villager (Male) |
| 16:22 | Build | Barracks |
| 16:27 | Queue | Villager (Male) |
| 16:32 | Build | House |
| 16:59 | Queue | Hulk |
| 16:59 | Queue | Hulk |
| 16:59 | Queue | Hulk |
| 16:59 | Queue | Hulk |
| 17:53 | Queue | Fishing Ship |
| 17:53 | Queue | Fishing Ship |
| 17:53 | Queue | Fishing Ship |
| 17:53 | Queue | Fishing Ship |
| 17:55 | Queue | Villager (Male) |
| 17:59 | Build | Archery Range |
| 18:24 | Build | House |
| 18:42 | Queue | Villager (Male) |
| 18:51 | Build | Market |
| 19:11 | Queue | Villager (Male) |
| 19:28 | Build | Mining Camp |
| 19:30 | Research | Castle Age |
| 19:32 | Build | Watch Tower |
| 19:41 | Build | Watch Tower |
| 19:53 | Build | Dock |
| 20:11 | Build | Watch Tower |
| 21:16 | Research | Fishing Lines |
| 21:31 | Build | Archery Range |
| 22:15 | Queue | Villager (Male) |
| 22:16 | Age | Castle Age |
| 22:18 | Build | Blacksmith |
| 22:53 | Build | House |
| 22:55 | Build | Stone Wall |
| 22:57 | Build | Stone Wall |
| 22:59 | Build | Stone Wall |
| 23:02 | Build | Stone Wall |
| 23:05 | Research | Fletching |
| 23:08 | Build | Siege Workshop |
| 23:20 | Build | House |
| 23:32 | Queue | Mangonel |
| 23:58 | Build | Town Center |
| 24:09 | Queue | Cavalry Archer |
| 24:10 | Queue | Cavalry Archer |
| 24:26 | Research | Bodkin Arrow |
| 25:39 | Queue | Villager (Male) |
| 25:39 | Queue | Villager (Male) |
| 25:43 | Queue | Mangonel |
| 26:01 | Queue | Villager (Male) |
| 26:01 | Queue | Villager (Male) |
| 26:45 | Queue | Cavalry Archer |
| 26:45 | Queue | Cavalry Archer |
| 26:58 | Queue | Scorpion |
| 27:01 | Queue | Villager (Male) |
| 27:01 | Queue | Villager (Male) |
| 27:47 | Queue | Fishing Ship ×5 |
| 27:49 | Queue | Villager (Male) |
| 28:03 | Build | University |
| 28:14 | Build | Mill |
| 28:19 | Queue | Villager (Male) |
| 28:22 | Build | Outpost |
| 28:28 | Queue | Villager (Male) |
| 28:48 | Queue | Villager (Male) |
| 28:55 | Build | House |
| 28:56 | Build | House |
| 29:05 | Queue | Mangonel |
| 29:16 | Build | Outpost |
| 29:21 | Queue | Villager (Male) |
| 29:55 | Queue | Cavalry Archer |
| 29:55 | Queue | Cavalry Archer |
| 29:55 | Queue | Cavalry Archer |
| 30:03 | Queue | Villager (Male) |
| 30:11 | Queue | Mangonel |
| 30:28 | Queue | Cavalry Archer |
| 30:32 | Queue | Villager (Male) |
| 30:48 | Queue | Villager (Male) |
| 31:08 | Queue | Cavalry Archer |
| 31:09 | Queue | Cavalry Archer |
| 31:16 | Queue | Villager (Male) |
| 31:47 | Queue | Villager (Male) |
| 31:47 | Queue | Villager (Male) |
| 31:55 | Build | Outpost |
| 32:18 | Queue | Fishing Ship ×5 |
| 32:23 | Build | Dock |
| 32:40 | Queue | Mangonel |
| 32:44 | Queue | Villager (Male) |
| 32:44 | Queue | Villager (Male) |
| 32:48 | Build | House |
Build order — NachoMontes
First 150 of 259 actions detected
| 0:03 | Build | Town Center |
| 0:38 | Build | House |
| 1:19 | Build | Dock |
| 2:16 | Queue | Villager (Male) |
| 2:16 | Queue | Villager (Male) |
| 2:16 | Queue | Villager (Male) |
| 2:16 | Queue | Villager (Male) |
| 2:45 | Build | House |
| 3:03 | Build | House |
| 3:49 | Queue | Villager (Male) |
| 4:12 | Queue | Fishing Ship |
| 4:20 | Build | House |
| 4:24 | Queue | Villager (Male) |
| 4:52 | Research | Loom |
| 4:53 | Queue | Fishing Ship |
| 5:17 | Queue | Villager (Male) |
| 5:35 | Queue | Villager (Male) |
| 5:42 | Build | House |
| 5:57 | Queue | Fishing Ship |
| 6:09 | Queue | Villager (Male) |
| 6:23 | Build | House |
| 6:29 | Queue | Villager (Male) |
| 6:47 | Queue | Fishing Ship |
| 7:08 | Queue | Villager (Male) |
| 7:09 | Queue | Villager (Male) |
| 7:24 | Queue | Fishing Ship |
| 7:26 | Build | House |
| 7:28 | Queue | Villager (Male) |
| 8:04 | Queue | Villager (Male) |
| 8:11 | Build | Mule Cart |
| 8:48 | Queue | Villager (Male) |
| 8:58 | Queue | Fishing Ship |
| 9:00 | Build | House |
| 9:02 | Build | House |
| 9:20 | Research | Feudal Age |
| 10:04 | Queue | Villager (Male) |
| 10:08 | Build | Dock |
| 10:24 | Queue | Villager (Male) |
| 10:28 | Build | House |
| 10:31 | Build | Outpost |
| 11:06 | Queue | Villager (Male) |
| 11:30 | Age | Feudal Age |
| 11:34 | Queue | Hulk |
| 11:34 | Queue | Hulk |
| 11:35 | Research | Double-Bit Axe |
| 11:36 | Queue | Villager (Male) |
| 12:00 | Build | Mule Cart |
| 12:02 | Queue | Villager (Male) |
| 12:05 | Queue | Hulk |
| 12:16 | Queue | Villager (Male) |
| 12:27 | Queue | Villager (Male) |
| 12:36 | Queue | Villager (Male) |
| 12:57 | Queue | Fishing Ship |
| 12:57 | Queue | Fishing Ship |
| 13:05 | Queue | Hulk |
| 13:06 | Queue | Hulk |
| 13:14 | Build | Mule Cart |
| 13:17 | Build | Mill |
| 13:25 | Queue | Villager (Male) |
| 13:45 | Queue | Hulk |
| 13:48 | Queue | Villager (Male) |
| 13:52 | Build | House |
| 14:03 | Build | House |
| 14:46 | Build | Market |
| 15:15 | Queue | Villager (Male) |
| 15:34 | Build | Blacksmith |
| 16:01 | Research | Castle Age |
| 16:11 | Build | House |
| 16:24 | Research | Fletching |
| 16:43 | Queue | Villager (Male) |
| 16:55 | Queue | Hulk |
| 16:55 | Queue | Hulk |
| 17:12 | Build | House |
| 18:21 | Queue | Hulk |
| 18:41 | Age | Castle Age |
| 18:59 | Build | Castle |
| 19:25 | Build | Outpost |
| 19:26 | Queue | Villager (Male) |
| 19:42 | Research | Bow Saw |
| 19:59 | Queue | Composite Bowman |
| 20:01 | Queue | Villager (Male) |
| 20:22 | Queue | Villager (Male) |
| 20:28 | Queue | Composite Bowman |
| 20:40 | Queue | Hulk |
| 20:47 | Queue | Villager (Male) |
| 20:57 | Build | Siege Workshop |
| 20:59 | Queue | Villager (Male) |
| 21:02 | Queue | Composite Bowman |
| 21:08 | Queue | Hulk |
| 21:14 | Queue | Villager (Male) |
| 21:24 | Queue | Villager (Male) |
| 21:26 | Queue | Composite Bowman |
| 21:51 | Queue | Hulk |
| 21:56 | Queue | Villager (Male) |
| 21:59 | Queue | Mangonel |
| 22:08 | Build | House |
| 22:13 | Queue | Composite Bowman |
| 22:46 | Queue | Villager (Male) |
| 22:59 | Queue | Mangonel |
| 23:18 | Queue | Villager (Male) |
| 23:22 | Build | Monastery |
| 23:40 | Build | Farm |
| 23:41 | Build | Farm |
| 23:43 | Build | Farm |
| 23:45 | Queue | Villager (Male) |
| 23:46 | Queue | Villager (Male) |
| 23:50 | Build | Mill |
| 24:00 | Queue | Composite Bowman |
| 24:12 | Queue | Villager (Male) |
| 24:47 | Queue | Mangonel |
| 25:02 | Queue | Villager (Male) |
| 25:13 | Queue | Villager (Male) |
| 25:15 | Queue | Villager (Male) |
| 25:15 | Queue | Composite Bowman |
| 25:27 | Queue | Villager (Male) |
| 25:28 | Queue | Composite Bowman |
| 25:43 | Queue | Villager (Male) |
| 25:55 | Queue | Villager (Male) |
| 25:56 | Queue | Composite Bowman |
| 25:56 | Queue | Composite Bowman |
| 26:04 | Queue | Villager (Male) |
| 26:05 | Queue | Composite Bowman |
| 26:18 | Queue | Villager (Male) |
| 26:37 | Queue | Composite Bowman |
| 26:54 | Queue | Villager (Male) |
| 27:00 | Queue | Warrior Priest |
| 27:06 | Build | Mule Cart |
| 27:09 | Build | Farm |
| 27:09 | Build | Farm |
| 27:10 | Build | Farm |
| 27:10 | Build | Farm |
| 27:12 | Queue | Villager (Male) |
| 27:23 | Queue | Composite Bowman |
| 27:28 | Queue | Warrior Priest |
| 27:37 | Build | Outpost |
| 27:42 | Queue | Mangonel |
| 27:48 | Research | Gold Mining |
| 27:51 | Build | Mule Cart |
| 27:56 | Queue | Villager (Male) |
| 28:02 | Queue | Composite Bowman |
| 28:03 | Queue | Villager (Male) |
| 28:15 | Queue | Composite Bowman |
| 28:17 | Queue | Mangonel |
| 28:19 | Build | Outpost |
| 28:22 | Queue | Villager (Male) |
| 28:26 | Queue | Villager (Male) |
| 28:28 | Queue | Villager (Male) |
| 28:29 | Queue | Warrior Priest |
| 28:36 | Queue | Composite Bowman |
| 28:42 | Build | University |
Match timeline
| 1:04 | Lic. VELEZ Y VINO · first_building Dock |
| 1:19 | NachoMontes · first_building Dock |
| 11:30 | NachoMontes · age_up feudal |
| 11:54 | Lic. VELEZ Y VINO · age_up feudal |
| 15:55 | NachoMontes · first_market_buy 100 food |
| 16:22 | Lic. VELEZ Y VINO · first_building Barracks |
| 17:59 | Lic. VELEZ Y VINO · first_building Archery Range |
| 18:41 | NachoMontes · age_up castle |
| 18:59 | NachoMontes · first_building Castle |
| 19:42 | NachoMontes · first_market_sell 100 wood |
| 19:56 | Lic. VELEZ Y VINO · first_market_buy 100 stone |
| 20:57 | NachoMontes · first_building Siege Workshop |
| 22:16 | Lic. VELEZ Y VINO · age_up castle |
| 22:47 | Lic. VELEZ Y VINO · first_market_sell 100 food |
| 22:55 | Lic. VELEZ Y VINO · wall_segment Stone Wall x1 |
| 22:57 | Lic. VELEZ Y VINO · wall_segment Stone Wall x1 |
| 22:59 | Lic. VELEZ Y VINO · wall_segment Stone Wall x1 |
| 23:02 | Lic. VELEZ Y VINO · wall_segment Stone Wall x1 |
| 23:08 | Lic. VELEZ Y VINO · first_building Siege Workshop |
| 23:22 | NachoMontes · first_building Monastery |
| 40:08 | Lic. VELEZ Y VINO · resign |
[ AI ANALYSIS · 1 CREDIT ]
What really happened in this match?
Wolo.gg analyzes every decision: build order, eco, micro, common mistakes by bracket. Personalized analysis on WhatsApp or Discord in 30 seconds.
Civ guide
Magyars
Perfil
Jugador #235357